 Dungeon Crawl Stone Soup version 0.30-a0-364-gf6b3ef1049 (webtiles) character file.

Game seed: 16622519294498316161

162175 jlumianski the Severer (level 17, -13/117 HPs)
             Began as a Demonspawn Fighter on Nov 14, 2022.
             Was an Elder of Qazlal.
             Killed from afar by a balrug (37 damage)
             ... with a bolt of fire
             ... summoned by Asterion
             ... on level 1 of the Snake Pit.
             The game lasted 04:24:35 (33772 turns).

jlumianski the Severer (Demonspawn Fighter)        Turns: 33772, Time: 04:24:36

Health: -13/117    AC: 29    Str: 23    XL:     17   Next: 21%
Magic:  0/25       EV: 16    Int: 11    God:    Qazlal [****..]
Gold:   135        SH: 25    Dex: 23    Spells: 16/16 levels left

rFire   . . .      SeeInvis .    X - +3 broad axe (elec)
rCold   . . .      Faith    .    I - +0 tower shield
rNeg    . . .      Spirit   +    K - +4 plate armour {Will+}
rPois   +          Reflect  .    (helmet restricted)
rElec   .          Harm     .    h - +1 cloak {rPois}
rCorr   .          Rampage  .    H - +1 pair of gloves
Will    ++...      Rage     3%   S - +0 pair of boots
Stlth   +.........               p - amulet of guardian spirit
HPRegen 0.39/turn                a - +4 ring of protection
MPRegen 0.19/turn                c - ring of Brilliance {EV+4 Dex+4 Stlth+}

@: mighty, agile, repel missiles
A: antennae 2, thin skeletal structure 3, foul stench 3, powered by pain 2,
berserk 1, frail 1, low MP 1
a: Renounce Religion, Upheaval, Elemental Force


You were on level 1 of the Snake Pit.
You worshipped Qazlal.
Qazlal was greatly pleased with you.
You visited 5 branches of the dungeon, and saw 26 of its levels.
You visited 1 bazaar.
You also visited: Ossuary and Ice Cave.

You collected 3782 gold pieces.
You spent 3647 gold pieces at shops.

Inventory:

Hand Weapons
 L - a +0 demon trident
 X - a +3 broad axe of electrocution (weapon)
Missiles
 b - 69 poisoned darts
 n - 15 javelins
 x - a throwing net
 O - 27 boomerangs (quivered)
Armour
 h - a +1 cloak of poison resistance (worn)
 v - a +1 kite shield of positive energy
 H - a +1 pair of gloves (worn)
 I - a +0 tower shield (worn)
 K - a +4 plate armour of willpower (worn)
 S - a +0 pair of boots (worn)
 V - a scarf of resistance
Jewellery
 a - a +4 ring of protection (left hand)
 c - the ring of Brilliance (right hand) {EV+4 Dex+4 Stlth+}
   (You found it on level 8 of the Dungeon)

   [ring of evasion]

   EV:        It affects your evasion (+4).
   Dex:       It affects your dexterity (+4).
   Stlth:     It makes you more stealthy.
 g - a +6 ring of dexterity
 j - a ring of willpower
 p - an amulet of guardian spirit (around neck)
 y - a ring of fire
 J - a ring of see invisible
 M - the ring of Tewkyet {*Corrode Fly rF+ rN++ Str+6}
   (You found it on level 7 of the Dungeon)

   [ring of strength]

   Str:       It affects your strength (+6).
   rF:        It protects you from fire.
   rN:        It greatly protects you from negative energy.
   Fly:       It grants you flight.
   *Corrode:  It may corrode you when you take damage.
 P - a ring of ice
 W - the ring of Zin's Regard {rN+ rCorr}
   (You found it on level 5 of the Lair of Beasts)

   [ring of resist corrosion]

   rN:        It protects you from negative energy.
   rCorr:     It protects you from acid and corrosion.
Wands
 i - a wand of digging (4)
 k - a wand of acid (5)
 s - a wand of charming (21)
 u - a wand of roots (15)
 z - a wand of mindburst (3)
Scrolls
 m - 8 scrolls of teleportation
 A - 3 scrolls of fear
 D - 4 scrolls of poison
 N - 7 scrolls of fog
Potions
 d - 5 potions of might
 e - 8 potions of curing
 o - a potion of berserk rage
 r - a potion of mutation
 t - 6 potions of haste
 w - 7 potions of cancellation
 U - a potion of resistance
Miscellaneous
 l - a tin of tremorstones (2/2)
 q - a condenser vane


   Skills:
 * Level 11.1 Fighting
 + Level 15.6 Axes
 + Level 1.6 Throwing
 + Level 10.5 Armour
 + Level 3.0 Dodging
 - Level 2.2 Stealth
 + Level 13.4 Shields
 * Level 15.6 Invocations
 * Level 12.6 Evocations


You had 16 spell levels left.
You didn't know any spells.
Your spell library contained the following spells:

 Spells                   Type           Power      Damage    Failure   Level
 Magic Dart               Conj           0%         1d3       100%        1
 Slow                     Hex            0%         N/A       100%        1
 Summon Small Mammal      Summ           0%         N/A       100%        1
 Cigotuvi's Dreadful Rot  Necr/Pois/Air  0%         N/A       100%        2
 Poisonous Vapours        Pois/Air       0%         N/A       100%        2
 Searing Ray              Conj           0%         2d4       100%        2
 Static Discharge         Conj/Air       0%         2-2/arc   100%        2
 Call Canine Familiar     Summ           0%         N/A       100%        3
 Confusing Touch          Hex            0%         N/A       100%        3
 Mephitic Cloud           Conj/Pois/Air  0%         N/A       100%        3
 Portal Projectile        Hex/Tloc       0%         N/A       100%        3
 Summon Guardian Golem    Hex/Summ       0%         N/A       100%        3
 Vampiric Draining        Necr           0%         2d6       100%        3
 Vhi's Electric Charge    Tloc/Air       0%         N/A       100%        3
 Animate Dead             Necr           0%         N/A       100%        4
 Fulminant Prism          Conj/Hex       0%         3d5       100%        4
 Leda's Liquefaction      Hex/Erth       0%         N/A       100%        4
 Arcjolt                  Conj/Air       0%         1d10      100%        5
 Borgnjor's Vile Clutch   Necr/Erth      0%         N/A       100%        5
 Freezing Cloud           Conj/Ice/Air   0%         6-21      100%        5
 Iskenderun's Battlesphe  Conj           0%         2d6       100%        5
 Lightning Bolt           Conj/Air       0%         1d11      100%        5
 Death Channel            Necr           0%         N/A       100%        6
 Iron Shot                Conj/Erth      0%         9d1       100%        6
 Simulacrum               Ice/Necr       0%         N/A       100%        6
 Spellforged Servitor     Conj/Summ      0%         N/A       100%        7
 Polar Vortex             Ice            0%         N/A       100%        9


Dungeon Overview and Level Annotations

Branches:
Dungeon (15/15)            Temple (1/1) D:6            Lair (5/5) D:8
  Swamp (0/4) Lair:2        Snake (3/4) Lair:3        Slime (0/5) Lair:5
    Orc (2/2) D:9             Elf (0/3) Orc:2        Vaults (0/5) D:13
 Depths (0/4) D:15        Ossuary (visited)           IceCv (visited)

Altars:
Ashenzari
Cheibriados
Dithmenos
Fedhas
Gozag
Hepliaklqana
Kikubaaqudgha
Makhleb
Nemelex Xobeh
Okawaru
Qazlal
Ru
Sif Muna
Trog
Uskayaw
Vehumet
Xom
Yredelemnul

Shops:
D:7 !   Orc:2 ([[**

Portals:
Abyss: Lair:5
Trove: D:10 (give 17 potions of curing)

Annotations:
Lair:3 3 runed translucent doors, Jobbis's ghost, journeyman OgWn
Lair:5 1 transporter, Vothry's ghost, journeyman FoFi
Snake:1 Asterion


Innate Abilities, Weirdness & Mutations

You have a pair of antennae on your head.
You have an unnaturally thin skeletal structure. (Dex +6, Stealth+++)
You frequently emit foul miasma when damaged in melee.
You sometimes gain power by taking damage.
You sometimes lose your temper in combat.
You are frail. (-10% HP)
Your magical capacity is low. (-10% MP)


Message History

The salamander hits you but does no damage.
Really release a tremorstone near your earth elemental?
Okay, then.
Unknown command.
Aiming: Charm
Press: ? - help, Shift-Dir - straight line, f - balrug
Aim: a balrug, wielding a +1 demon whip of electrocution (black smoke, summoned, chance to affect: 0%)
Okay, then.
You barely miss Asterion.
Asterion furiously retaliates!
Asterion headbutts you, but does no damage.
Asterion is severely wounded.
You slash the salamander!
You kill the salamander!
Qazlal accepts your kill.
You completely miss the balrug.
Asterion hits you with a +2 broad axe of electrocution!!
* * * LOW HITPOINT WARNING * * *
You focus on the pain.
You feel very mighty all of a sudden.
You are electrocuted!
* * * LOW HITPOINT WARNING * * *
You emit a cloud of foul miasma!
Asterion hits your earth elemental with a +2 broad axe of electrocution!!
Your earth elemental is destroyed!
Your earth elemental disappears in a puff of smoke!
Asterion gores you but does no damage. You block the balrug's attack.
Okay, then.
You feel much better.
Asterion is engulfed in dark miasma.
Asterion looks as sick as possible!
Asterion seems to slow down.
You block Asterion's attack. Asterion gores you but does no damage.
The balrug barely misses you.
Asterion is engulfed in dark miasma.
Asterion looks as sick as possible!
Asterion seems to slow down.
Asterion hits you with a +2 broad axe of electrocution!!
* * * LOW HITPOINT WARNING * * *
You block Asterion's attack.
Okay, then.
You feel much better. The balrug gestures at you. The bolt of fire hits you!!!
You die...

### #...#..........#............
# ##..###......................
#..####......................
##..# #.......................
#..## #...............#.......
##..# #...............#.......
###...## #....°.§........##......
##.....###.....2).○......###.....
........##....°H@.......###......
........!......))§..)...##.......
.....(........☼..°[..)..#........
.............................##..
#............................####
#....##....)#######...###......##
#....###....### ###...###.......#
#....###.<..[.###......#.........
......###....................##..


You could see Asterion (fast, strong, extremely poisoned, slow) and a balrug
(summoned).

Vanquished Creatures
  Jorgrun (D:9)
  The ghost of Paroid the Skirmisher, a journeyman DrAE of Gozag (D:13)
  2 orc warlords
  2 dire elephants (Lair:5)
  A fire dragon (D:13)
  A merfolk javelineer (D:13)
  A merfolk impaler (D:13)
  Josephine (D:12)
  A rakshasa (D:12)
  Harold (D:9)
  A vault guard (D:13)
  Erolcha (Orc:1)
  A catoblepas (Lair:2)
  A hydra (Lair:5)
  2 caustic shrike simulacra (IceCv)
  8 centaur warriors
  A death yak (Lair:5)
  3 boulder beetles
  A death knight (D:14)
  9 two-headed ogres
  9 anacondas
  8 naga warriors
  Erica (D:9)
  Urug (D:9)
  An orc high priest (Orc:2)
  4 shock serpents
  5 tengu warriors
  8 naga sharpshooters
  The ghost of sleeves the Carver, a novice DsMo of Okawaru (D:8)
  2 deep elf knights (D:13)
  3 salamander mystics
  2 spectral death yaks (Lair:5)
  9 skeletal warriors
  A bog body (IceCv)
  A spectral anaconda (Lair:5)
  A wizard (D:13)
  4 naga ritualists
  2 spriggan simulacra
  Pikel (D:5)
  2 deep elf archers
  3 obsidian statues
  4 orc knights
  7 mana vipers
  3 necromancers (Lair:5)
  6 orc sorcerers
  11 salamanders
  6 ugly things (D:14)
  4 cyclopes
  Maurice (D:8)
  11 naga magi
  2 guardian serpents
  18 elephants
  A torpor snail (Lair:1)
  19 black mambas
  14 cane toads
  A dire elephant skeleton (Lair:5)
  2 gargoyles
  Psyche (D:8)
  3 freezing wraiths (IceCv)
  An efreet (D:15)
  3 kobold demonologists
  A redback zombie (D:12)
  2 unseen horror zombies (D:9)
  A yaktaur (D:15)
  A tengu conjurer (D:15)
  Maggie (D:8)
  4 golden dragon simulacra (IceCv)
  12 komodo dragons
  An anaconda simulacrum (D:15)
  8 trolls
  3 polar bears
  8 blink frogs
  6 slime creatures
  A spectral elephant (Lair:5)
  A meliai zombie (D:12)
  A raiju (Lair:5)
  5 dream sheep (Lair:4)
  2 water elementals (D:15)
  44 yaks
  A shadow (D:10)
  9 wraiths
  6 wyverns
  4 basilisks
  2 centaur simulacra (D:15)
  2 dire elephant simulacra
  Eustachio (D:5)
  A hog (shapeshifter) (D:15)
  A steam dragon (D:6)
  4 vampire mosquitoes
  A harpy simulacrum (D:15)
  2 minotaur simulacra
  30 nagas
  7 wargs
  3 acid dragons
  A hydra simulacrum (IceCv)
  13 water moccasins
  A floating eye (shapeshifter) (D:15)
  32 orc warriors
  A black bear (Temple)
  3 ettin simulacra (IceCv)
  2 ice beasts
  2 sky beasts
  2 elephant zombies (Lair:5)
  12 ogres
  36 wolves
  13 centaurs
  A lemure (D:4)
  2 phantoms
  6 kobold brigands
  Blork the orc (D:6)
  2 necrophages (D:7)
  3 gnoll sergeants
  4 scorpions
  4 bullfrogs
  2 deep troll simulacra (D:15)
  2 elf skeletons (D:4)
  11 wights
  4 elephant simulacra (Lair:5)
  2 lindwurm simulacra (D:15)
  4 killer bees (D:7)
  5 howler monkeys
  2 electric eels
  12 centaur zombies
  3 hounds
  An iron imp (D:11)
  8 jellies
  21 orc priests
  A human skeleton (D:4)
  Jessica (D:3)
  4 iguanas
  Ijyb (D:3)
  A boggart zombie (D:12)
  24 orc wizards
  A killer bee zombie (D:9)
  A howler monkey zombie (D:9)
  11 gnolls
  8 adders
  4 white imps
  4 ufetubi
  3 adder zombies (Ossuary)
  A worm (D:5)
  5 dart slugs
  123 orcs
  6 ball pythons
  11 endoplasms
  4 giant cockroaches
  6 goblins
  7 hobgoblins
  8 jackals
  5 quokkas
  A ball python skeleton (Ossuary)
  6 bats
  A frilled lizard (D:1)
  A hobgoblin skeleton (Ossuary)
  A hobgoblin zombie (Ossuary)
  31 kobolds
  A kobold zombie (Ossuary)
  An orc skeleton (D:4)
  4 orc zombies
  6 rats
914 creatures vanquished.

Vanquished Creatures (collateral kills)
  Rupert (Lair:5)
  Aizul (Snake:1)
  Nessos (D:13)
  2 ice dragons (D:15)
  A hydra (D:13)
  A caustic shrike simulacrum (IceCv)
  2 death yaks (Lair:5)
  A tengu warrior (D:13)
  Lodul (D:13)
  A naga ritualist (Snake:1)
  A deep elf pyromancer (D:13)
  A salamander (Snake:1)
  An orc sorcerer (Orc:2)
  A cyclops (D:12)
  2 black mambas
  A golden dragon simulacrum (IceCv)
  A tengu conjurer (D:13)
  3 freezing wraiths
  An ice devil (IceCv)
  2 komodo dragons
  2 trolls
  A dream sheep (Lair:4)
  A warg (Orc:2)
  A naga (Snake:2)
  An ice beast (D:15)
  An elephant zombie (Lair:5)
  5 orc warriors
  3 orc priests (Orc:2)
  2 orc wizards (Orc:2)
  5 orcs (Orc:2)
48 creatures vanquished.

Vanquished Creatures (others)
  A salamander (Snake:2)
  A basilisk (D:15)
  A naga (Snake:3)
  2 orc wizards
  An orc (D:12)
  A bush (Lair:5)
  63 fungi
  51 plants
  33 withered plants
154 creatures vanquished.

Grand Total: 1116 creatures vanquished

Notes
Turn   | Place    | Note
-------+----------+-------------------------------------------
     0 | D:1      | jlumianski the Demonspawn Fighter began the quest for the
                  | Orb.
     0 | D:1      | Reached XP level 1. HP: 18/18 MP: 1/1
   164 | D:1      | Gained mutation: You may rarely emit foul miasma when
                  | damaged in melee. [demonic ancestry]
   164 | D:1      | Reached XP level 2. HP: 22/24 MP: 2/2
   618 | D:1      | Gained mutation: You sometimes emit foul miasma when
                  | damaged in melee. [demonic ancestry]
   618 | D:1      | Reached XP level 3. HP: 29/29 MP: 3/3
   781 | D:2      | Identified the +2 leather armour "Luinob" {Str+3}
  1373 | D:2      | Gained mutation: You have a somewhat thin skeletal
                  | structure. (Dex +2, Stealth+) [demonic ancestry]
  1373 | D:2      | Reached XP level 4. HP: 35/35 MP: 2/4
  1648 | D:3      | Noticed an eye of devastation
  1746 | D:3      | Noticed a floating eye
  1748 | D:3      | Found a faded altar of an unknown god.
  1752 | D:3      | Noticed a shining eye
  1752 | D:3      | Noticed a golden eye
  1925 | D:3      | Noticed Jessica
  1930 | D:3      | Killed Jessica
  1938 | D:3      | Found a snail-covered altar of Cheibriados.
  2042 | D:4      | Gained mutation: You sometimes gain a little power by
                  | taking damage. [demonic ancestry]
  2042 | D:4      | Reached XP level 5. HP: 42/42 MP: 5/5
  2065 | D:3      | Found a blossoming altar of Fedhas.
  2104 | D:4      | Found an opulent altar of Gozag.
  2171 | D:4      | Found a sand-covered staircase.
  2182 | Ossuary  | Entered an ossuary
  2255 | Ossuary  | Gained mutation: You sometimes gain power by taking damage.
                  | [demonic ancestry]
  2255 | Ossuary  | Reached XP level 6. HP: 31/47 MP: 4/6
  2389 | Ossuary  | Noticed a wraith
  2389 | Ossuary  | Noticed a flying skull
  2398 | Ossuary  | Noticed a flying skull
  2402 | Ossuary  | Noticed a flying skull
  2435 | Ossuary  | Noticed a wraith
  2443 | Ossuary  | Killed a wraith
  2528 | Ossuary  | Noticed a flying skull
  2530 | Ossuary  | Noticed a wraith
  2542 | Ossuary  | Killed a wraith
  2543 | Ossuary  | Reached skill level 5 in Axes
  2543 | Ossuary  | Gained mutation: You have a moderately thin skeletal
                  | structure. (Dex +4, Stealth++) [demonic ancestry]
  2543 | Ossuary  | Reached XP level 7. HP: 42/55 MP: 5/7
  3207 | D:3      | Noticed Ijyb
  3219 | D:3      | Killed Ijyb
  3698 | D:3      | Found a shadowy altar of Dithmenos.
  4048 | D:5      | Entered Level 5 of the Dungeon
  4464 | D:4      | Reached XP level 8. HP: 34/61 MP: 6/8
  4573 | D:5      | Reached skill level 5 in Armour
  4620 | D:6      | Found a staircase to the Ecumenical Temple.
  4645 | Temple   | Entered the Ecumenical Temple
  4720 | Temple   | Became a worshipper of Qazlal Stormbringer
  4770 | Temple   | Reached skill level 5 in Fighting
  4880 | Temple   | Reached skill level 1 in Invocations
  4891 | Temple   | Reached skill level 1 in Evocations
  5503 | D:5      | Reached XP level 9. HP: 64/68 MP: 11/11
  5550 | D:5      | Reached * piety under Qazlal
  5551 | D:5      | Reached skill level 1 in Dodging
  5695 | D:5      | Noticed Eustachio
  5709 | D:5      | Killed Eustachio
  5895 | D:5      | Noticed Pikel
  5930 | D:5      | Killed Pikel
  6161 | D:6      | Noticed Blork the orc
  6168 | D:6      | Killed Blork the orc
  6649 | D:7      | Found a radiant altar of Vehumet.
  6661 | D:7      | Reached skill level 5 in Invocations
  6673 | D:7      | Identified the ring of Tewkyet {*Corrode Fly rF+ rN++
                  | Str+6}
  7214 | D:7      | Reached XP level 10. HP: 51/76 MP: 10/13
  7336 | D:7      | Reached ** piety under Qazlal
  7477 | D:7      | Found Ani Wytza's Distillery.
  7485 | D:7      | Bought a potion of might for 60 gold pieces
  7485 | D:7      | Bought a potion of invisibility for 120 gold pieces
  7760 | D:8      | Reached skill level 5 in Shields
  7771 | D:8      | Found a staircase to the Lair.
  8297 | D:9      | Noticed Erica
  8297 | D:9      | Found a sacrificial altar of Ru.
  8310 | D:9      | Killed Erica
  8638 | D:8      | Identified the ring of Brilliance {EV+4 Dex+4 Stlth+}
  8728 | D:9      | Noticed Harold
  8861 | D:8      | Noticed Maggie
  8876 | D:8      | Killed Maggie
  8877 | D:8      | Reached skill level 5 in Evocations
  9062 | D:8      | Noticed Maurice
  9078 | D:8      | Killed Maurice
  9163 | D:8      | Gained mutation: You have an unnaturally thin skeletal
                  | structure. (Dex +6, Stealth+++) [demonic ancestry]
  9163 | D:8      | Reached XP level 11. HP: 76/83 MP: 15/15
  9250 | D:8      | Noticed a two-headed ogre
  9253 | D:8      | Noticed Psyche
  9256 | D:8      | Killed a two-headed ogre
  9369 | D:8      | Killed Psyche
  9639 | D:8      | Found a transporter.
  9639 | D:8      | Noticed sleeves's ghost (novice DsMo)
  9643 | D:8      | Identified the +4 dire flail "Apal" {vamp, rCorr}
  9649 | D:8      | Found a transporter.
  9803 | D:8      | Killed sleeves's ghost
  9919 | D:8      | Reached skill level 10 in Axes
 10153 | D:9      | Reached *** piety under Qazlal
 10329 | D:10     | Entered Level 10 of the Dungeon
 10331 | D:10     | Noticed an orc sorcerer
 10337 | D:10     | Paralysed by an orc sorcerer for 2 turns
 10624 | D:9      | Killed Harold
 10795 | D:9      | Found a staircase to the Orcish Mines.
 10896 | D:10     | Noticed an orc sorcerer
 11159 | D:9      | Found a bloodstained altar of Trog.
 11369 | D:10     | Killed an orc sorcerer
 11459 | D:10     | Killed an orc sorcerer
 11891 | D:11     | Reached **** piety under Qazlal
 11930 | D:10     | Found an ancient bone altar of Kikubaaqudgha.
 11954 | D:10     | Found a portal to a secret trove of treasure.
 11978 | D:10     | Noticed a two-headed ogre
 11988 | D:10     | Killed a two-headed ogre
 12047 | D:10     | Noticed a two-headed ogre
 12055 | D:10     | Killed a two-headed ogre
 12056 | D:10     | Reached XP level 12. HP: 87/91 MP: 16/18
 12087 | D:11     | Noticed a two-headed ogre
 12088 | D:11     | Noticed a two-headed ogre
 12103 | D:10     | Killed a two-headed ogre
 12107 | D:10     | Killed a two-headed ogre
 12489 | D:11     | Noticed a two-headed ogre
 12496 | D:11     | Killed a two-headed ogre
 12585 | D:11     | You are sucked into a shaft and drop 3 floors!
 12721 | D:13     | Noticed a seven-headed hydra
 12726 | D:13     | Killed a seven-headed hydra
 12727 | D:13     | Noticed a tengu warrior
 12736 | D:13     | Noticed a two-headed ogre
 12739 | D:13     | Killed a tengu warrior
 12741 | D:13     | Killed a two-headed ogre
 12784 | D:13     | Reached skill level 1 in Stealth
 12926 | D:11     | Found a snail-covered altar of Cheibriados.
 13373 | D:12     | Gained mutation: You frequently emit foul miasma when
                  | damaged in melee. [demonic ancestry]
 13373 | D:12     | Reached XP level 13. HP: 60/98 MP: 11/20
 13806 | D:13     | Noticed Lodul
 13897 | D:13     | Killed Lodul
 13991 | D:12     | Noticed Josephine
 13999 | D:12     | Killed Josephine
 14075 | D:12     | Reached skill level 10 in Invocations
 14295 | D:12     | Found a basalt altar of Yredelemnul.
 14738 | Lair:1   | Entered Level 1 of the Lair of Beasts
 14801 | Orc:1    | Entered Level 1 of the Orcish Mines
 14801 | Orc:1    | Noticed Erolcha
 14801 | Orc:1    | Noticed Jorgrun
 14820 | Orc:1    | Noticed Urug
 14843 | Orc:1    | Killed Erolcha
 14849 | D:9      | Killed Jorgrun
 14853 | D:9      | Killed Urug
 15449 | Orc:2    | Entered Level 2 of the Orcish Mines
 15453 | Orc:2    | Reached skill level 1 in Throwing
 15538 | Orc:2    | Found Ymocs's General Store.
 15542 | Orc:2    | Found a staircase to the Elven Halls.
 15720 | Orc:2    | Noticed an orc warlord
 15778 | Orc:1    | Killed an orc warlord
 15865 | Orc:2    | Paralysed by an orc sorcerer for 5 turns
 15992 | Orc:2    | Found Mesaanu's Antique Weapon Shoppe.
 16000 | Orc:2    | Found Laejiajyv's Antique Armour Emporium.
 16016 | Orc:2    | Bought a bloodstained war axe for 280 gold pieces
 16016 | Orc:2    | Identified the +5 war axe "Beiruitu" {freeze, Int+4} (You
                  | bought it in a shop on level 2 of the Orcish Mines)
 16022 | Orc:2    | Bought a glowing helmet for 157 gold pieces
 16022 | Orc:2    | Bought a bloodstained helmet for 199 gold pieces
 16022 | Orc:2    | Identified the +2 helmet of Fedhas's Envy {rF+ rC+ Will+}
                  | (You bought it in a shop on level 2 of the Orcish Mines)
 16139 | Orc:2    | Found Cueclaxy's Assorted Antiques.
 16150 | Orc:2    | Reached XP level 14. HP: 94/106 MP: 17/22
 16170 | Orc:2    | Bought a wand of acid (4) for 588 gold pieces
 16309 | Orc:2    | Reached skill level 10 in Shields
 16313 | Orc:2    | Bought a wand of acid (5) for 357 gold pieces
 16577 | Orc:2    | Found Wagir's Antique Armour Boutique.
 16582 | Orc:2    | Bought a runed plate armour for 806 gold pieces
 17080 | Lair:1   | Reached ***** piety under Qazlal
 18195 | Lair:2   | Found a staircase to the Swamp.
 18861 | Lair:3   | Reached skill level 10 in Evocations
 19195 | Lair:3   | Found a shimmering altar of Xom.
 19342 | Lair:3   | Found a staircase to the Snake Pit.
 19490 | Lair:3   | Found a runed translucent gate.
 19490 | Lair:3   | Found a runed translucent gate.
 19490 | Lair:3   | Found a runed translucent gate.
 19491 | Lair:3   | Noticed Jobbis's ghost (journeyman OgWn)
 20213 | Lair:5   | Entered Level 5 of the Lair of Beasts
 20228 | Lair:5   | Noticed Rupert
 20254 | Lair:5   | Killed Rupert
 21210 | Lair:5   | Found a staircase to the Slime Pits.
 21384 | Lair:5   | Found a transporter.
 21427 | Lair:5   | Reached XP level 15. HP: 101/113 MP: 20/24
 21489 | Lair:5   | Noticed Vothry's ghost (journeyman FoFi)
 21490 | Lair:5   | Found a one-way gate to the infinite horrors of the Abyss.
 21500 | Lair:5   | Found a transporter.
 23074 | Lair:5   | Identified the ring of Zin's Regard {rN+ rCorr}
 23666 | D:13     | Found a gate to the Vaults.
 23784 | D:13     | Noticed Nessos
 23794 | D:13     | Killed Nessos
 24240 | D:14     | Found a runed translucent gate.
 24240 | D:14     | Found a runed translucent gate.
 24241 | D:14     | Found a runed translucent gate.
 24242 | D:14     | Noticed Paroid's ghost (journeyman DrAE)
 24249 | D:14     | Found an iron altar of Okawaru.
 24610 | D:15     | Entered Level 15 of the Dungeon
 24745 | D:15     | Paralysed by a floating eye for 3 turns
 24947 | D:15     | Found a frozen archway.
 24999 | IceCv    | Entered an ice cave
 25166 | IceCv    | Gained mutation: You have hidden genetic defects. [a
                  | neqoxec]
 25168 | IceCv    | Gained mutation: You are frail. (-10% HP) [a neqoxec]
 26321 | IceCv    | Noticed an Ice Fiend
 26340 | IceCv    | Noticed an Ice Fiend
 26703 | D:14     | Gained mutation: You have a pair of small antennae on your
                  | head. [demonic ancestry]
 26703 | D:14     | Reached XP level 16. HP: 109/109 MP: 26/26
 26772 | D:14     | Reached skill level 10 in Fighting
 27337 | D:13     | Gained mutation: Your magical capacity is low. (-10% MP)
                  | [hidden defects]
 27497 | D:13     | Killed Paroid's ghost
 28654 | D:15     | Reached skill level 10 in Armour
 28810 | D:15     | Found a staircase to the Depths.
 28876 | D:15     | Reached skill level 15 in Axes
 28901 | D:15     | Identified a scroll of acquirement
 28930 | D:15     | Gained mutation: You sometimes lose your temper in combat.
                  | [hidden defects]
 28930 | D:15     | Lost mutation: You have hidden genetic defects. [hidden
                  | defects expressed]
 28961 | D:15     | Acquired a +0 broad axe of electrocution
 29441 | Snake:1  | Entered Level 1 of the Snake Pit
 29671 | Snake:1  | Found a runed translucent door.
 30993 | Snake:1  | Noticed Aizul
 31006 | Snake:1  | Killed Aizul
 31615 | Snake:1  | Reached skill level 15 in Invocations
 31625 | Snake:1  | HP: 5/110 [poisoned by a black mamba]
 32791 | Snake:3  | Gained mutation: You have a pair of antennae on your head.
                  | [demonic ancestry]
 32791 | Snake:3  | Reached XP level 17. HP: 89/117 MP: 19/25
 32828 | Snake:3  | Found a flickering gateway to a bazaar.
 32848 | Bazaar   | Entered a bazaar
 32851 | Bazaar   | Found Durhu's General Store.
 32852 | Bazaar   | Found Ygiur's Assorted Antiques.
 32861 | Bazaar   | Found Ronle's Book Emporium.
 32861 | Bazaar   | Found Fadehutt's General Store.
 32888 | Bazaar   | Bought a tin of tremorstones (2/2) for 520 gold pieces
 32894 | Bazaar   | Bought a potion of heal wounds for 175 gold pieces
 32894 | Bazaar   | Bought a potion of curing for 105 gold pieces
 32894 | Bazaar   | Bought a potion of mutation for 280 gold pieces
 33754 | Snake:2  | Noticed Asterion
 33771 | Snake:1  | HP: 3/117 [Asterion/+2 broad axe of electrocution (29)]
 33772 | Snake:1  | Killed from afar by a balrug

Illustrated notes

Levels and vault maps discovered:
D:1:      dpeg_arrival_arbitrary_a, layout_basic, st_stairs_3
D:2:      layout_basic, minmay_shallow_snake_nest
D:3:      layout_loops_corners, nicolae_dithmenos_through_a_glass_darkly,
          nicolae_overflow_hidden_temple, mainiacjoe_overflow_catch_the_wave,
          zin_treasury, nicolae_tso_swordbearing_angel,
          hellmonk_ecumenical_altar_watching_god, minmay_strange_pillars,
          minmay_increasing_density, uniq_jessica, uniq_ijyb
D:4:      layout_basic, lemuel_round_altar, nicolae_ossuary_entry_catacombs
D:5:      layout_basic, uniq_pikel, uniq_eustachio
D:6:      layout_basic, minmay_temple_entry_waves, minmay_diced_spiral,
          uniq_blork_the_orc
D:7:      layout_gridville, nicolae_vehumet_altar_sigil, serial_shops,
          nicolae_shop_statue_plus, dreamdust_wishing_well
D:8:      layout_loops_corners, minmay_lair_entry_grove, gammafunk_ghost_smash,
          uniq_psyche, uniq_maurice, uniq_maggie
D:9:      layout_rooms, mainiacjoe_overflow_alcove_1, kennysheep_mini_moat,
          david_orc_2, serial_undead, serial_undead_e, serial_undead_d,
          serial_undead_e, serial_undead_a, minmay_misc_feat_diagonals,
          uniq_erica, uniq_harold
D:10:     cheibrodos_wizards_tower, layout_irregular_city,
          nicolae_kikubaaqudgha_miasma_corner, serial_column_ruins,
          column_ruins_corridor_dead_end, column_ruins_columns_water,
          column_ruins_grid_1, column_ruins_columns_corner, column_ruins_grid_3,
          enter_trove_2
D:11:     layout_rooms, slow_altar_1
D:12:     layout_roguey [special_room_orc], nicolae_yredelemnul_corpse_copse,
          uniq_josephine
D:13:     layout_cave_pools, david_vaults_5, uniq_lodul, uniq_nessos
D:14:     layout_loops_ring, gammafunk_ghost_fury_of_okawaru, nicolae_titane
D:15:     grunt_enter_depths_hoard, layout_basic, serial_ice, serial_ice_e,
          serial_ice_m, serial_ice_k, serial_ice_b,
          portal_ice_cave_entry_ice_simulacra, nicolae_figureground_sparkle,
          minmay_misc_feat_square
Temple:   nicolae_temple_bog_church
Lair:1:   layout_regular_city, nicolae_lair_grove_arrangements
Lair:2:   layout_chaotic_city, swamp_mist_pool, gammafunk_lair_bear_cave
Lair:3:   layout_cave_pods, minmay_snake_entry_guardpost_small,
          ebering_ghost_rock_garden, minmay_stone_trees_small,
          lemuel_centaur_altar
Lair:4:   layout_loops_ring
Lair:5:   due_jungle_book, layout_cave_pods, nicolae_slime_entry_slimehenge,
          gammafunk_ghost_abyssal_escape, minivault_27,
          nicolae_quartered_pool_super, infiniplex_staircase_pool_2, uniq_rupert
Snake:1:  layout_layer_cave, lightli_airlock, uniq_aizul
Snake:2:  layout_basic, basic_altar, uniq_asterion
Snake:3:  layout_rooms, serial_shops, bzr_entry_safe,
          nrook_guardian_serpent_ordinary, grunt_megastairs_5
Orc:1:    layout_caves, basic_altar, uniq_urug, uniq_erolcha, uniq_jorgrun
Orc:2:    grunt_orc_community_town_hall, layout_diamond_mine,
          grunt_orc_community_big_house_2, grunt_orc_community_big_house_1,
          grunt_orc_community_house_2, grunt_orc_community_house_1,
          grunt_orc_community_house_2, grunt_orc_community_house_3,
          serial_shops, shop

Skill      XL: |  1  2  3  4  5  6  7  8  9 10 11 12 13 14 15 16 17 |
---------------+----------------------------------------------------+-----
Armour         | 3 4 5 6 7 8 9 10 | 10.5
Axes           | 2 3 4 5 6 7 8 9 10 11 12 13 14 15 | 15.6
Shields        | 3 4 6 7 8 9 11 12 13 | 13.4
Fighting       | 4 5 6 7 8 9 10 11 | 11.1
Invocations    | 3 5 6 8 9 10 12 14 15 | 15.6
Evocations     | 2 4 5 6 8 9 10 11 12 | 12.6
Dodging        | 1 2 3 |  3.0
Stealth        | 1 2 |  2.2
Throwing       | 1 |  1.6

Action                   |  1- 3 |  4- 6 |  7- 9 | 10-12 | 13-15 | 16-18 || total
-------------------------+-------+-------+-------+-------+-------+-------++-------
Melee: War axe           |    90 |   107 |   348 |   459 |  1220 |   216 ||  2440
       Hand axe          |       |       |       |       |    86 |       ||    86
       Broad axe         |       |       |       |       |       |   307 ||   307
Throw: Javelin           |       |       |     1 |     9 |    11 |     7 ||    28
       Dart              |       |       |       |       |     8 |       ||     8
       Boomerang         |       |       |       |       |     3 |    12 ||    15
Invok: Upheaval          |       |       |       |     2 |    12 |     5 ||    19
       Elemental Force   |       |       |       |     3 |    17 |     7 ||    27
Evoke: Wand              |       |       |     1 |     5 |     8 |     3 ||    17
       Condenser vane    |       |       |       |       |       |     2 ||     2
  Use: Scroll            |       |    10 |    10 |     7 |    10 |     7 ||    44
       Potion            |       |     3 |     3 |     1 |    10 |     8 ||    25
 Stab: Paralysed         |       |       |       |     3 |    10 |     4 ||    17
       Distracted        |       |       |       |       |     1 |     2 ||     3
Armor: Scale mail        |    10 |       |       |       |       |       ||    10
       Chain mail        |    30 |       |       |       |    41 |       ||    71
       Plate armour      |    24 |    75 |   260 |   190 |   598 |   206 ||  1353
       Skin              |       |       |     6 |       |       |       ||     6
Dodge: Dodged            |    25 |    31 |    94 |   135 |   318 |   129 ||   732
       Repelled          |       |       |       |       |     2 |     7 ||     9
Block: Buckler           |    20 |    18 |    97 |       |       |       ||   135
       Tower shield      |       |       |    68 |   514 |  1877 |   789 ||  3248
       Kite shield       |       |       |       |    45 |       |       ||    45

Table legend: (Time is in decaauts)
 A = Elapsed time spent in this place.
 B = Non-inter-level travel time spent in this place.
 C = Inter-level travel time spent in this place.
 D = Time resting spent in this place.
 E = Time spent auto-exploring this place.
 F = Levels seen in this place.
 G = Mean time per level.
                   A        B        C        D        E       F      G
               +--------+--------+--------+--------+--------+-----+--------+
         Total |  34438 |  33120 |   1318 |   5973 |  13931 |  29 | 1187.5 |
       Dungeon |  18799 |  17757 |   1042 |   2430 |   8230 |  15 | 1253.3 |
        Temple |    595 |    595 |      0 |    382 |     58 |   1 |  595.0 |
          Lair |   6710 |   6500 |    210 |    715 |   3475 |   5 | 1342.0 |
     Snake Pit |   4018 |   3973 |     45 |   1333 |   1290 |   3 | 1339.3 |
  Orcish Mines |   1998 |   1979 |     19 |     11 |    822 |   2 |  999.0 |
        Bazaar |    172 |    172 |      0 |     60 |      0 |   1 |  172.0 |
       Ossuary |    717 |    717 |      0 |    324 |     55 |   1 |  717.0 |
      Ice Cave |   1427 |   1427 |      0 |    718 |      0 |   1 | 1427.0 |
               +--------+--------+--------+--------+--------+-----+--------+

Top non-repeatable levels by time:
 Snake:1: 2955 daAuts
     D:8: 2592 daAuts
  Lair:5: 2355 daAuts
    D:13: 1742 daAuts
     D:7: 1670 daAuts
  Lair:3: 1572 daAuts
   IceCv: 1427 daAuts
    D:12: 1419 daAuts
   Orc:2: 1340 daAuts
    D:14: 1293 daAuts
    D:15: 1285 daAuts
     D:3: 1274 daAuts
     D:9: 1237 daAuts
    D:10: 1064 daAuts
  Lair:4: 1007 daAuts
